 Dungeon Crawl Stone Soup version 0.23.0 (webtiles) character file.

Game seed: 2856581745345849155

11762 vishdafish the Grappler (level 11, -7/110 HPs)
             Began as a Troll Skald on Feb 16, 2019.
             Was the Champion of Cheibriados.
             Shot with an arrow by a centaur (14 damage)
             ... on level 11 of the Dungeon.
             The game lasted 00:18:10 (7662 turns).

vishdafish the Grappler (Troll Skald)               Turns: 7662, Time: 00:18:10

Health: -7/110     AC:  7    Str: 42    XL:     11   Next: 53%
Magic:  7/13       EV: 11    Int: 30    God:    Cheibriados [******]
Gold:   811        SH:  0    Dex: 26    Spells: 6/14 levels left

rFire    . . .     SeeInvis +     - Unarmed
rCold    . . .     Gourm    +   (no shield)
rNeg     + . .     Faith    +   u - +1 robe of the Orcish Mines {rCorr Str+6 Int+3 SInv} (curse)
rPois    .         Spirit   .   (helmet restricted)
rElec    .         Reflect  .   (no cloak)
rCorr    +         Harm     .   (gloves unavailable)
MR       .....     Rnd*Tele +   (boots unavailable)
Stlth    ++........             s - amulet of faith
HPRegen  0.68/turn              F - ring of positive energy
MPRegen  0.13/turn              (no ring)

@: singing, very slow
A: large, unfitting armour, claws 3, horns 1, agile 1, fast metabolism 3,
gourmand, regeneration 1, shaggy fur 1, teleportitis 1, tough skin 3
a: Bend Time, Temporal Distortion, Slouch, Step From Time, Renounce Religion


You were on level 11 of the Dungeon.
You worshipped Cheibriados.
Cheibriados was exalted by your worship.
You were not hungry.

You visited 1 branch of the dungeon, and saw 11 of its levels.

You collected 840 gold pieces.
You spent 29 gold pieces at shops.

Inventory:

Missiles
 m - 3 throwing nets (quivered)
 t - 3 javelins of penetration
Armour
 a - a +0 robe
 u - the cursed +1 robe of the Orcish Mines (worn) {rCorr Str+6 Int+3 SInv}
   (You found it on level 4 of the Dungeon)

   It affects your strength (+6).
   It affects your intelligence (+3).
   It lets you see invisible.
   It provides partial protection from all sources of acid and corrosion.
   It has a curse placed upon it.
 K - a +0 troll leather armour
Jewellery
 p - an uncursed amulet of rage
 s - an amulet of faith (around neck)
 B - the amulet "Hilotirch" {Gourm rElec}
   (You found it on level 5 of the Dungeon)

   [amulet of the gourmand]

   It allows you to eat raw meat even when not hungry.
   It insulates you from electricity.
 F - a ring of positive energy (left claw)
Wands
 r - a wand of flame (47)
 C - a wand of polymorph (16)
 D - a wand of acid (7)
 I - a wand of scattershot (4)
 L - a wand of digging (5)
 P - a wand of clouds (2)
Scrolls
 d - 8 scrolls of teleportation
 e - a scroll of enchant weapon
 h - 2 scrolls of immolation
 j - 6 scrolls of amnesia
 l - 2 scrolls of torment
 o - a scroll of fog {unknown}
 q - a scroll of holy word {unknown}
 v - 4 scrolls of remove curse {unknown}
 y - 2 scrolls of blinking {unknown}
 A - a scroll of enchant armour {unknown}
 E - 3 scrolls of magic mapping {unknown}
 G - a scroll of silence {unknown}
 N - a scroll of fear {unknown}
Potions
 b - 4 potions of degeneration
 f - 2 potions of haste
 g - 2 potions of flight
 i - a potion of magic {unknown}
 k - a potion of brilliance {unknown}
 n - 3 potions of resistance
 w - 4 potions of ambrosia {unknown}
 x - a potion of agility
 z - a potion of invisibility {unknown}
 H - a potion of heal wounds {unknown}
 M - a potion of might {unknown}
 O - a potion of berserk rage
Comestibles
 c - 30 rations


   Skills:
 + Level 7.6 Fighting
 + Level 4.6 Throwing
 - Level 2.0 Dodging
 * Level 12.4 Unarmed Combat
 - Level 2.0 Spellcasting
 - Level 5.3 Charms
 * Level 4.1 Invocations


You had 6 spell levels left.
You knew the following spells:

 Your Spells              Type           Power        Failure   Level  Hunger
a - Infusion              Chrm           ####         1%          1    None
b - Song of Slaying       Chrm           #####...     1%          2    ##.....
c - Shroud of Golubria    Chrm/Tloc      ###.......   4%          2    ##.....
d - Regeneration          Chrm/Necr      ###.......   8%          3    ###....

Your spell library contained the following spells:

 Spells                   Type           Power        Failure   Level  Hunger
 Freeze                   Ice            #...         8%          1    None
 Ozocubu's Armour         Chrm/Ice       ###.....     8%          3    ###....
 Spectral Weapon          Hex/Chrm       ###.....     8%          3    ###....
 Throw Frost              Conj/Ice       #.....       12%         2    ##.....
 Summon Ice Beast         Ice/Summ       #.......     61%         4    ####...
 Throw Icicle             Conj/Ice       #.......     61%         4    ####...


Dungeon Overview and Level Annotations

Branches:
Dungeon (11/15)            Temple (0/1) D:6            Lair (0/6) D:10
    Orc: D:9-12

Altars:
Ashenzari
Cheibriados
Makhleb
Ru
Trog
Vehumet
Yredelemnul

Shops:
D:9 (   D:10 *   D:11 [

Annotations:
D:2 1 runed translucent door


Innate Abilities, Weirdness & Mutations

You are too large for most types of armour.
You have claws for hands.
Your metabolism is lightning-fast.
You like to eat raw meat.
Your natural rate of healing is unusually fast.
You are covered in fur. (AC +1)
You have extremely tough skin. (AC +3)
You have a pair of small horns on your head.
You are agile. (Dex +2)
You are occasionally teleported next to monsters.


Message History

Okay, then.
Okay, then.
You warp the flow of time around you!
You feel somewhat more hungry.
You feel better.
The centaur shouts!
The centaur closely misses you.
The centaur shoots an arrow.
The arrow hits you.
* * * LOW HITPOINT WARNING * * *
The centaur closely misses you.
You scratch the centaur. You headbutt the centaur!
The centaur is heavily wounded.
The centaur shoots an arrow.
The arrow hits you!
* * * LOW HITPOINT WARNING * * *
The centaur hits you with a cursed -3 shortbow.
* * * LOW HITPOINT WARNING * * *
Unknown command.
Okay, then.
Okay, then.
You fail to use your ability.
The centaur shoots an arrow.
The arrow hits you!
You die...

#####
#.........#
.....
+.........+
#####
#..[).....#
##..)(...##
##.)...##
##c..##
##'## #.#
#@# #c# .c.
.....
.#...##
#.##.## #
#.# # ...
.#


You could see 3 centaurs.

Vanquished Creatures
  Harold (D:8)
  2 two-headed ogres
  Urug (D:11)
  Joseph (D:8)
  A troll (D:9)
  2 hippogriffs (D:10)
  8 yaks
  A water moccasin (D:8)
  A porcupine (D:10)
  3 black bears
  3 ice beasts
  4 orc warriors
  2 sky beasts
  10 ogres
  An eye of draining (D:10)
  A necrophage (D:8)
  A wolf (D:10)
  7 centaurs
  6 crocodiles
  3 big kobolds
  5 bullfrogs
  9 killer bees
  5 wights (D:6)
  5 scorpions
  3 howler monkeys
  7 crimson imps
  2 quasits
  9 hounds
  4 jellies
  A centaur zombie (D:10)
  A gnoll shaman (D:6)
  10 orc priests
  16 orc wizards
  2 bullfrog skeletons
  A centaur skeleton (D:7)
  5 iguanas
  6 worker ants
  A hound skeleton (D:6)
  11 gnolls
  A howler monkey skeleton (D:6)
  11 adders
  A shadow imp (D:11)
  2 oozes
  2 adder zombies
  An adder skeleton (D:4)
  6 worms
  5 leopard geckos
  32 orcs
  7 giant cockroaches
  6 goblins
  16 hobgoblins
  11 jackals
  18 kobolds
  3 quokkas
  7 bats
  9 frilled lizards
  A goblin zombie (D:2)
  2 leopard gecko skeletons
  A quokka zombie (D:7)
  6 rats
310 creatures vanquished.

Notes
Turn   | Place    | Note
-------+----------+-------------------------------------------
     0 | D:1      | vishdafish the Troll Skald began the quest for the Orb.
     0 | D:1      | Reached XP level 1. HP: 19/19 MP: 1/1
    35 | D:1      | Reached XP level 2. HP: 28/28 MP: 3/3
   276 | D:1      | Reached XP level 3. HP: 35/35 MP: 4/4
   391 | D:2      | Found a faded altar of an unknown god.
   426 | D:2      | Found a sacrificial altar of Ru.
   464 | D:2      | Found a runed translucent door.
   464 | D:2      | Noticed a human
   471 | D:2      | Found a basalt altar of Yredelemnul.
   738 | D:2      | Reached skill level 3 in Unarmed Combat
   881 | D:3      | Reached XP level 4. HP: 42/42 MP: 5/5
   993 | D:3      | Found a snail-covered altar of Cheibriados.
  1010 | D:3      | Became a worshipper of Cheibriados the Contemplative
  1262 | D:3      | Reached * piety under Cheibriados
  1318 | D:3      | Reached XP level 5. HP: 49/49 MP: 6/6
  1461 | D:4      | Reached skill level 4 in Unarmed Combat
  1490 | D:4      | Reached XP level 6. HP: 59/59 MP: 8/8
  1544 | D:4      | Got a fine robe
  1555 | D:4      | Identified the cursed +1 robe of the Orcish Mines {rCorr
                  | Str+6 Int+3 SInv} (You found it on level 4 of the Dungeon)
  1642 | D:4      | Reached ** piety under Cheibriados
  1704 | D:4      | Gained mutation: You are agile. (Dex +2) [potion of
                  | mutation]
  1704 | D:4      | Gained mutation: You are occasionally teleported next to
                  | monsters. [potion of mutation]
  1704 | D:4      | Gained mutation: You have a pair of small horns on your
                  | head. [potion of mutation]
  1943 | D:4      | Reached skill level 5 in Unarmed Combat
  1953 | D:4      | Reached XP level 7. HP: 44/67 MP: 9/9
  2193 | D:5      | Entered Level 5 of the Dungeon
  2240 | D:5      | Found a radiant altar of Vehumet.
  2243 | D:5      | Found a burning altar of Makhleb.
  2314 | D:5      | Reached *** piety under Cheibriados
  2347 | D:5      | Reached skill level 6 in Unarmed Combat
  2487 | D:5      | Reached XP level 8. HP: 78/78 MP: 10/10
  2527 | D:5      | Got a fine ivory amulet
  2532 | D:5      | Identified the amulet "Hilotirch" {Gourm rElec} (You found
                  | it on level 5 of the Dungeon)
  2990 | D:6      | Reached skill level 7 in Unarmed Combat
  3002 | D:6      | Reached **** piety under Cheibriados
  3261 | D:6      | Found a staircase to the Ecumenical Temple.
  3410 | D:6      | Reached skill level 8 in Unarmed Combat
  3604 | D:6      | Reached XP level 9. HP: 74/87 MP: 11/11
  3628 | D:6      | Reached skill level 5 in Fighting
  3934 | D:7      | Reached ***** piety under Cheibriados
  3948 | D:7      | Reached skill level 9 in Unarmed Combat
  4343 | D:7      | Reached skill level 5 in Charms
  4605 | D:8      | Noticed Joseph
  4616 | D:8      | Killed Joseph
  4616 | D:8      | Reached skill level 10 in Unarmed Combat
  4815 | D:8      | Reached XP level 10. HP: 94/98 MP: 12/12
  4959 | D:8      | Found a shattered altar of Ashenzari.
  4974 | D:8      | Noticed Harold
  4983 | D:8      | Killed Harold
  4983 | D:8      | Reached skill level 1 in Throwing
  5454 | D:9      | Reached ****** piety under Cheibriados
  5563 | D:9      | Reached skill level 11 in Unarmed Combat
  5564 | D:9      | Found Haoquz's Weapon Shop.
  5565 | D:9      | Noticed a two-headed ogre
  5571 | D:9      | Killed a two-headed ogre
  6042 | D:9      | Found a basalt altar of Yredelemnul.
  6042 | D:9      | Found a bloodstained altar of Trog.
  6202 | D:10     | Entered Level 10 of the Dungeon
  6337 | D:10     | Reached skill level 1 in Invocations
  6359 | D:10     | Found a staircase to the Lair.
  6367 | D:10     | Reached XP level 11. HP: 78/109 MP: 13/13
  6735 | D:10     | Found Opoperis's Assorted Antiques.
  6763 | D:10     | Bought a red potion for 29 gold pieces
  7290 | D:10     | Learned a level 2 spell: Song of Slaying
  7293 | D:10     | Learned a level 2 spell: Shroud of Golubria
  7297 | D:10     | Learned a level 3 spell: Regeneration
  7306 | D:11     | Reached skill level 12 in Unarmed Combat
  7324 | D:11     | Noticed Urug
  7331 | D:11     | Killed Urug
  7419 | D:11     | Found Ereu's Antique Armour Boutique.
  7597 | D:11     | Noticed an eight-headed hydra
  7646 | D:11     | Noticed a two-headed ogre
  7653 | D:11     | Killed a two-headed ogre
  7662 | D:11     | Shot with an arrow by a centaur

Skill      XL: |  1  2  3  4  5  6  7  8  9 10 11 |
---------------+----------------------------------+-----
Dodging        | 2 |  2.0
Fighting       | 2 3 4 6 7 |  7.6
Unarmed Combat | 3 4 5 6 8 10 11 12 | 12.4
Spellcasting   | 2 |  2.0
Charms         | 3 4 5 |  5.3
Throwing       | 3 4 |  4.6
Invocations    | 1 4 |  4.1

Action                   |  1- 3 |  4- 6 |  7- 9 | 10-12 || total
-------------------------+-------+-------+-------+-------++-------
Melee: Unarmed           |    99 |   185 |   209 |   205 ||   698
       Punch             |       |     4 |     4 |    20 ||    28
       Headbutt          |       |     9 |    56 |    55 ||   120
Throw: Throwing net      |       |       |       |     1 ||     1
 Cast: Shroud of Golubri |       |       |       |     3 ||     3
       Song of Slaying   |       |       |       |     3 ||     3
Invok: Temporal Distorti |       |       |       |     1 ||     1
Evoke: Wand              |       |       |       |    17 ||    17
  Use: Scroll            |       |     6 |     5 |     3 ||    14
       Potion            |       |     1 |     1 |     1 ||     3
 Stab: Sleeping          |       |       |     1 |     3 ||     4
       Distracted        |       |       |     1 |       ||     1
  Eat: Chunk             |     5 |     8 |    21 |    13 ||    47
       Ration            |       |       |       |     2 ||     2
Armor: Robe              |    50 |    64 |    48 |    69 ||   231
       Skin              |       |       |     1 |       ||     1
Dodge: Dodged            |    57 |    90 |   102 |   117 ||   366
